 Dungeon Crawl Stone Soup version 0.17-a0-1997-ga88ed7d (webtiles) character file.

2141 Mordenkainen the Destroyer (level 9, -8/45 HPs)
             Began as a Deep Elf Wizard on Oct 8, 2015.
             Was a Believer of Vehumet.
             Shot with a sling bullet by Joseph (18 damage)
             ... on level 7 of the Dungeon.
             The game lasted 00:29:04 (6849 turns).

Mordenkainen the Destroyer (Deep Elf Wizard)        Turns: 6849, Time: 00:29:04

Health: -8/45      AC:  6    Str:  4    XL:     9   Next: 9%
Magic:  0/23       EV: 13    Int: 27    God:    Vehumet [**....]
Gold:   324        SH:  0    Dex: 13    Spells: 5 memorised, 13 levels left

rFire  . . .     SeeInvis .     k - -1 dagger (curse)
rCold  . . .     Clarity  .     a - +0 robe
rNeg   + . .     SustAt   .     (no shield)
rPois  +         Gourm    .     b - +0 hat
rElec  .         Spirit   .     (no cloak)
rCorr  .         Warding  .     q - +2 pair of gloves
rMut   .         Stasis   .     S - +0 pair of boots
MR     .....                    (no amulet)
Stlth  ++........               s - ring of poison resistance
                                v - ring of positive energy (curse)

@: not resistant to hostile enchantments, unstealthy
A: no striking features
a: Renounce Religion


You were on level 7 of the Dungeon.
You worshipped Vehumet.
Vehumet was pleased with you.
You were very hungry.

You visited 1 branch of the dungeon, and saw 7 of its levels.

You collected 324 gold pieces.

Inventory:

Hand Weapons
 k - a cursed -1 dagger (weapon)
 E - the +3 rapier of Xeucia {holy, +Rage rPois rF+ Stlth-, unknown}
   (You found it on level 4 of the Dungeon)

   It has been blessed by the Shining One to cause great damage to the undead
   and demons.
   It protects you from fire.
   It protects you from poison.
   It lets you go berserk.
   It makes you less stealthy.
 F - a +2 mace of protection
 K - a +2 short sword of flaming
 L - a +1 hand axe of chopping
Missiles
 j - 6 curare-tipped needles
 y - 7 needles of slowing
Armour
 a - a +0 robe (worn)
 b - a +0 hat (worn)
 q - a +2 pair of gloves (worn)
 S - a +0 pair of boots (worn)
Magical Staves
 I - a cursed staff of summoning {unknown}
Jewellery
 g - a +3 ring of dexterity
 s - a ring of poison resistance (right hand)
 v - a cursed ring of positive energy (left hand)
 M - a cursed ring of ice {unknown}
Wands
 u - a wand of teleportation (2)
 N - a wand of flame (19)
 R - a wand of lightning (3)
Scrolls
 f - a scroll of enchant weapon {unknown}
 h - a scroll of immolation
 l - 4 scrolls of blinking
 n - a scroll of noise {unknown}
 o - a scroll of amnesia {unknown}
 w - a scroll of silence {unknown}
 x - 2 scrolls of enchant armour
 A - 2 scrolls of teleportation
 B - a scroll of fog {unknown}
 J - a scroll of recharging {unknown}
 P - 2 scrolls of random uselessness {unknown}
Potions
 e - a potion of flight {unknown}
 i - a potion of mutation {unknown}
 m - a potion of might {unknown}
 p - a potion of cancellation {unknown}
 r - a potion of invisibility {unknown}
 C - 2 potions of ambrosia {unknown}
 H - a potion of poison {unknown}
 O - 2 potions of curing
 Q - a potion of cure mutation {unknown}
Books
 c - a book of Minor Magic

   Spells                             Type                      Level
   a - Magic Dart                     Conjuration                  1
   b - Blink                          Translocation                2
   c - Call Imp                       Summoning                    2
   d - Repel Missiles                 Charms/Air                   2
   e - Slow                           Hexes                        2
   f - Conjure Flame                  Conjuration/Fire             3
   g - Mephitic Cloud                 Conjuration/Poison/Air       3
Comestibles
 d - 8 bread rations
 t - 2 beef jerkies
 z - 7 fruits
 D - 3 meat rations
 G - a slice of pizza


   Skills:
 - Level 3.0 Dodging
 - Level 3.0 Stealth
 + Level 8.2 Spellcasting
 * Level 8.8 Conjurations
 - Level 3.0 Charms
   Level 1.1 Summonings
 - Level 3.2 Translocations
 - Level 3.0 Fire Magic
 - Level 3.0 Air Magic
 - Level 3.5 Poison Magic


You had 13 spell levels left.
You knew the following spells:

 Your Spells              Type           Power        Failure   Level  Hunger
a - Magic Dart            Conj           ####         1%          1    None
b - Blink                 Tloc           N/A          1%          2    None
c - Repel Missiles        Chrm/Air       ####..       1%          2    None
e - Conjure Flame         Conj/Fire      #####...     1%          3    None
h - Mephitic Cloud        Conj/Pois/Air  #####...     1%          3    None


Dungeon Overview and Level Annotations

Branches:
Dungeon (7/15)             Temple (0/1) D:6

Altars:
Elyvilon
Makhleb
Qazlal
Ru
Vehumet

Annotations:
D:7 Eustachio, Joseph


Message History

The magic dart hits Joseph.
Joseph is severely wounded.
Joseph shoots a sling bullet.
The sling bullet hits you but does no damage.
Joseph shoots a sling bullet.
The sling bullet hits you!!
You see here a sling bullet.
Drink which item? (? for menu, Esc to quit)
It was a potion of curing.
You feel better.
Joseph shoots a sling bullet.
The sling bullet hits you but does no damage.
Casting: Magic Dart
Confirm with . or Enter, or press ? or * to list all spells.
Aiming: Magic Dart
Press: ? - help, Shift-Dir - straight line, f/p - Joseph
Aim: Joseph, wielding a hunting sling and wearing a leather armour (severely wounded)
The magic dart hits Joseph.
Joseph is severely wounded.
Joseph shoots a sling bullet.
The sling bullet hits you!
* * * LOW HITPOINT WARNING * * *
Joseph shoots a sling bullet.
The sling bullet hits you!!
You die...

...#####....................##
# #....................#
#....................#
#.................(..#
##...................#
##.....#............+
########......###....## #
#...####............... ##@
#...#(@.......####..#.# ....
#.@..........###....#.# .....
#.(.######.### #.#....#
.....ยง##...# #.# ...##....
#.....(...# .. ... #.....
######....(..................
##########..............
............ ..........


You could see Joseph.

Vanquished Creatures
  Pikel (D:6)
  Grinder (D:4)
  A wasp (D:6)
  Edmund (D:5)
  2 water moccasins
  Duvessa (D:4)
  An orc warrior (D:6)
  A slave (D:6)
  An ogre (D:4)
  Blork the orc (D:6)
  Dowan (D:4)
  A crimson imp (D:5)
  3 orc priests
  A centaur zombie (D:7)
  A giant frog zombie (D:5)
  A jelly (D:6)
  2 hounds (D:5)
  A giant frog skeleton (D:5)
  Ijyb (D:3)
  3 orc wizards
  An iguana (D:5)
  2 worker ants (D:4)
  A hound zombie (D:6)
  A hound skeleton (D:6)
  4 gnolls
  A river rat (D:6)
  5 adders
  An ooze (D:4)
  An adder skeleton (D:4)
  2 worms
  6 giant geckos
  22 orcs
  8 bats
  5 hobgoblins
  4 jackals (D:5)
  A quokka (D:4)
  4 ball pythons
  15 giant cockroaches
  A giant gecko skeleton (D:5)
  A giant gecko zombie (D:5)
  8 giant newts
  8 goblins
  2 jackal skeletons
  6 kobolds
  12 rats
148 creatures vanquished.

Vanquished Creatures (others)
  2 slaves (D:6)
  2 orc priests
  2 orcs (D:6)
6 creatures vanquished.

Grand Total: 154 creatures vanquished

Notes
Turn   | Place    | Note
--------------------------------------------------------------
     0 | D:1      | Mordenkainen the Deep Elf Wizard began the quest for the Orb.
     0 | D:1      | Reached XP level 1. HP: 10/10 MP: 7/7
   247 | D:1      | Reached XP level 2. HP: 15/15 MP: 6/9
   935 | D:2      | Reached XP level 3. HP: 19/19 MP: 8/10
  1100 | D:2      | Learned a level 2 spell: Blink
  1103 | D:2      | Learned a level 2 spell: Repel Missiles
  1107 | D:2      | Learned a level 3 spell: Mephitic Cloud
  1124 | D:2      | Found a radiant altar of Vehumet.
  1130 | D:2      | Learned a level 3 spell: Conjure Flame
  1136 | D:2      | Became a worshipper of Vehumet
  1263 | D:2      | Found a sacrificial altar of Ru.
  1460 | D:3      | Noticed Ijyb
  1755 | D:3      | Killed Ijyb
  1755 | D:3      | Reached XP level 4. HP: 24/24 MP: 1/12
  1914 | D:3      | Found a white marble altar of Elyvilon.
  2008 | D:3      | Reached skill level 5 in Spellcasting
  2197 | D:3      | Reached XP level 5. HP: 14/28 MP: 0/14
  2349 | D:3      | Reached skill level 5 in Conjurations
  2462 | D:4      | Acquired Vehumet's first power
  2462 | D:4      | Offered knowledge of Flame Tongue by Vehumet.
  2499 | D:4      | Got a crude rapier
  2523 | D:4      | Noticed an ogre
  2550 | D:4      | Noticed Grinder
  2605 | D:4      | Noticed Duvessa
  2606 | D:4      | Noticed Dowan
  2610 | D:4      | Noticed Eustachio
  2616 | D:4      | Killed Dowan
  2616 | D:4      | Reached skill level 1 in Air Magic
  2802 | D:3      | Reached skill level 1 in Poison Magic
  2802 | D:3      | Reached XP level 6. HP: 25/32 MP: 5/16
  2909 | D:4      | Reached skill level 1 in Fire Magic
  3176 | D:4      | Killed Duvessa
  3421 | D:4      | Paralysed by Grinder for 3 turns
  3424 | D:4      | Killed Grinder
  3424 | D:4      | Reached XP level 7. HP: 30/36 MP: 5/17
  3448 | D:4      | Reached skill level 6 in Conjurations
  3644 | D:4      | Reached skill level 1 in Charms
  3655 | D:4      | Killed an ogre
  3909 | D:5      | Entered Level 5 of the Dungeon
  4103 | D:5      | Noticed Edmund
  4267 | D:5      | Killed Edmund
  4369 | D:5      | Reached XP level 8. HP: 41/41 MP: 10/19
  4390 | D:5      | Offered knowledge of Shock by Vehumet.
  5132 | D:6      | Found a stormy altar of Qazlal.
  5288 | D:6      | Noticed Pikel
  5311 | D:6      | Killed Pikel
  5311 | D:6      | Reached skill level 7 in Spellcasting
  5329 | D:6      | Noticed Blork the orc
  5341 | D:6      | Killed Blork the orc
  5476 | D:6      | Found a staircase to the Ecumenical Temple.
  5624 | D:6      | Found a glowing drain.
  5626 | D:6      | Offered knowledge of Throw Flame by Vehumet.
  6066 | D:6      | Reached skill level 8 in Conjurations
  6190 | D:6      | Reached XP level 9. HP: 45/45 MP: 8/23
  6360 | D:6      | Found a burning altar of Makhleb.
  6811 | D:7      | Noticed Joseph
  6849 | D:7      | Shot with a sling bullet by Joseph

Vault maps used:
D:1:      matt_arrival_diagonals
D:2:      overflow_temple_1_default, vehumet_crystals, eino_tiny_chamber
D:3:      lemuel_coloured_pillars_altar, first_bread, uniq_iyjb
D:4:      minivault_4, uniq_duvessa, uniq_eustachio, uniq_grinder
D:5:      uniq_edmund
D:6:      kennysheep_mini_moat, nicolae_qazlal_style_of_elements,
          minmay_temple_entry_trees, portal_sewer_entry_e, uniq_blork_the_orc,
          uniq_pikel
D:7:      grunt_livestock, uniq_joseph

Action                   |  1- 3 |  4- 6 |  7- 9 || total
-------------------------+-------+-------+-------++-------
Melee: Unarmed           |     2 |       |       ||     2
       Dagger            |       |    24 |     9 ||    33
 Cast: Magic Dart        |    96 |   130 |   245 ||   471
       Conjure Flame     |     1 |     6 |    11 ||    18
       Mephitic Cloud    |     1 |     5 |    12 ||    18
       Repel Missiles    |     1 |       |     1 ||     2
       Blink             |       |     2 |     4 ||     6
  Use: Scroll            |       |     4 |       ||     4
       Potion            |       |       |     1 ||     1
  Eat: Chunk             |     2 |     5 |     9 ||    16
       Fruit             |       |       |     1 ||     1
